 Dungeon Crawl Stone Soup version 0.21-a0-41-g5e91fef (webtiles) character file.

1043 tilp the Caller (level 8, 0/57 HPs)
             Began as a Hill Orc Summoner on June 3, 2017.
             Killed from afar by Sigmund (4 damage)
             ... with a magic dart
             ... on level 5 of the Dungeon.
             The game lasted 00:29:32 (6160 turns).

tilp the Caller (Hill Orc Summoner)                 Turns: 6160, Time: 00:29:32

Health: 0/57       AC:  8    Str: 11    XL:     8   Next: 25%
Magic:  15/15      EV:  9    Int: 17    God:
Gold:   38         SH:  0    Dex: 11    Spells: 4/17 levels left

rFire    . . .     SeeInvis .   f - +0 whip (elec)
rCold    . . .     Gourm    .   q - +2 shield
rNeg     . . .     Faith    .   a - +1 robe
rPois    .         Spirit   .   v - +1 helmet
rElec    .         Reflect  .   (no cloak)
rCorr    .         Harm     .   (no gloves)
MR       .....                  y - +2 pair of boots
Stlth    +.........             (no amulet)
Regen    0.2/turn               (no ring)
MPRegen  0.2/turn               (no ring)

@: confused, lethally poisoned (0 -> -25)
A: no striking features
a: no special abilities


You were on level 5 of the Dungeon.
You were not hungry.

You visited 1 branch of the dungeon, and saw 5 of its levels.

You collected 192 gold pieces.
You spent 154 gold pieces at shops.

Inventory:

Hand Weapons
 f - a +0 whip of electrocution (weapon)
Missiles
 x - 5 tomahawks (quivered)
Armour
 a - a +1 robe (worn)
 q - a +2 shield (worn)
 v - a +1 helmet (worn)
 y - a +2 pair of boots (worn)
Wands
 i - a wand of paralysis (17/24)
 p - a wand of random effects (17/48)
 F - a wand of enslavement (14/24)
Scrolls
 e - 6 scrolls of teleportation
 j - 2 scrolls of remove curse
 r - 3 scrolls of blinking
 t - a scroll of recharging {unknown}
 w - 2 scrolls of amnesia {unknown}
 A - a scroll of fog {unknown}
 C - a scroll of enchant weapon {unknown}
 D - a scroll of immolation {unknown}
 G - a scroll of fear {unknown}
Potions
 g - a potion of berserk rage
 h - 2 potions of might
 l - a potion of flight
 m - 2 potions of lignification
 n - a potion of curing {unknown}
 o - 2 potions of haste {unknown}
 s - a potion of heal wounds
 z - a potion of agility {unknown}
 B - a potion of cancellation {unknown}
 E - a potion of resistance {unknown}
Books
 b - a book of Callings

   Spells                             Type                      Level
   a - Summon Small Mammal            Summoning                    1
   b - Call Imp                       Summoning                    2
   c - Call Canine Familiar           Summoning                    3
   d - Summon Guardian Golem          Hexes/Summoning              3
   e - Summon Lightning Spire         Summoning/Air                4
   f - Summon Ice Beast               Ice/Summoning                4
Comestibles
 c - 5 bread rations
 d - 7 fruits
 u - 3 chunks of flesh


   Skills:
 + Level 4.0 Maces & Flails
 - Level 1.5 Dodging
 - Level 1.5 Stealth
 + Level 1.5 Shields
 * Level 5.2 Spellcasting
 + Level 0.4 Hexes
 + Level 6.4 Summonings


You had 4 spell levels left.
You knew the following spells:

 Your Spells              Type           Power        Failure   Level  Hunger
a - Summon Small Mammal   Summ           ####         6%          1    None
b - Call Imp              Summ           ####....     9%          2    #......
c - Call Canine Familiar  Summ           ####....     17%         3    ###....
d - Summon Guardian Gole  Hex/Summ       ###.....     52%         3    ###....
e - Summon Ice Beast      Ice/Summ       ###.....     91%         4    ####...


Dungeon Overview and Level Annotations

Branches:
Dungeon (5/15)
 Temple: D:4-7

Altars:
Ashenzari
Fedhas
Hepliaklqana
Wu Jian

Shops:
D:4 ?   D:5 [

Annotations:
D:5 Sigmund


Message History

* * * LOW HITPOINT WARNING * * *
You feel very sick.
Unknown command.
* * * LOW HITPOINT WARNING * * *
You feel sick. Sigmund gestures at you while chanting.
The puff of flame hits you!
* * * LOW HITPOINT WARNING * * *
You are confused.
You feel invigorated.
* * * LOW HITPOINT WARNING * * *
You feel very sick. Sigmund casts a spell at you. The puff of flame hits you!
* * * LOW HITPOINT WARNING * * *
* * * LOW HITPOINT WARNING * * *
You feel sick. Sigmund gestures at you while chanting. The magic dart hits you!
You die...

........#.###.# #.#
####..........### #$#
##...#........ ..# ##.##########
#.# #.. #.# #.# #.# #.#
#####.#######.# #.....@.@h.##.#
## # #.....####.##.# ########. #
#..##.# ##.##.###...##... # #.
##.###...#........รท.## #
#..#............######.## #
........##.....#####.....#
#########.......##.#.............
......###........#.#..#####.....#
....#.#.........##.#..# ##.#.##


You could see Sigmund and a friendly hound.

Vanquished Creatures
  An ogre (D:5)
  A big kobold (D:3)
  A gnoll sergeant (D:5)
  A water moccasin zombie (D:5)
  A howler monkey (D:4)
  A centaur zombie (D:5)
  2 crimson imps (D:5)
  2 hounds (D:4)
  An orc priest (D:4)
  2 centaur skeletons (D:4)
  6 orc wizards
  A bullfrog skeleton (D:5)
  Terence (D:2)
  4 worker ants
  3 gnolls (D:5)
  4 adders
  A shadow imp (D:5)
  An ooze (D:1)
  An adder skeleton (D:4)
  2 worms (D:2)
  2 dart slugs
  4 leopard geckos
  19 orcs
  3 giant cockroaches
  7 goblins
  10 hobgoblins
  9 jackals
  A kobold (D:2)
  A quokka (D:5)
  2 ball pythons (D:2)
  4 bats
  9 frilled lizards
  A leopard gecko zombie (D:5)
  3 rats
112 creatures vanquished.

Vanquished Creatures (collateral kills)
  An orc wizard (D:5)
  A worker ant (D:4)
  A gnoll (D:5)
  4 adders
  A worm (D:2)
  A leopard gecko (D:2)
  3 orcs (D:4)
  A ball python (D:3)
  3 jackals (D:1)
  A quokka (D:2)
  A frilled lizard (D:1)
  A rat (D:2)
19 creatures vanquished.

Grand Total: 131 creatures vanquished

Notes
Turn   | Place    | Note
-------+----------+-------------------------------------------
     0 | D:1      | tilp the Hill Orc Summoner began the quest for the Orb.
     0 | D:1      | Reached XP level 1. HP: 14/14 MP: 3/3
    41 | D:1      | Reached XP level 2. HP: 8/20 MP: 4/4
   306 | D:1      | Learned a level 2 spell: Call Imp
   843 | D:1      | Reached XP level 3. HP: 26/26 MP: 5/5
  1279 | D:2      | Noticed Terence
  1296 | D:2      | Killed Terence
  1296 | D:2      | Reached skill level 5 in Summonings
  1296 | D:2      | Reached XP level 4. HP: 7/33 MP: 1/7
  1532 | D:2      | Learned a level 3 spell: Call Canine Familiar
  1846 | D:2      | Found a faded altar of an unknown god.
  2171 | D:2      | Reached skill level 1 in Maces & Flails
  2821 | D:3      | Reached XP level 5. HP: 10/38 MP: 5/8
  3697 | D:3      | Noticed a big kobold
  3707 | D:3      | Killed a big kobold
  3707 | D:3      | Reached XP level 6. HP: 45/45 MP: 7/11
  4100 | D:4      | Reached XP level 7. HP: 27/50 MP: 9/13
  4601 | D:4      | Found an ornate altar of the Wu Jian Council.
  4603 | D:4      | Found a shattered altar of Ashenzari.
  4605 | D:4      | Found a hazy altar of Hepliaklqana.
  4649 | D:4      | Found a blossoming altar of Fedhas.
  4712 | D:4      | Learned a level 3 spell: Summon Guardian Golem
  4955 | D:4      | Found Jowkyo's Magic Scroll Boutique.
  4958 | D:4      | Bought a scroll of identify for 28 gold pieces
  4958 | D:4      | Bought a scroll of identify for 28 gold pieces
  4958 | D:4      | Bought a scroll of identify for 28 gold pieces
  4958 | D:4      | Bought a scroll of identify for 28 gold pieces
  4958 | D:4      | Bought a scroll of remove curse for 42 gold pieces
  4975 | D:4      | Reached skill level 6 in Summonings
  5182 | D:5      | Entered Level 5 of the Dungeon
  5497 | D:5      | Found Aquozet's Antique Armour Boutique.
  5636 | D:5      | Reached skill level 5 in Spellcasting
  5636 | D:5      | Reached XP level 8. HP: 34/57 MP: 10/15
  5889 | D:5      | Reached skill level 1 in Shields
  6138 | D:5      | Noticed Sigmund
  6144 | D:5      | Learned a level 4 spell: Summon Ice Beast
  6159 | D:5      | HP: 1/57 [Sigmund/puff of flame (3)]
  6160 | D:5      | Killed from afar by Sigmund

Vault maps used:
D:1:      dpeg_arrival_orchard
D:2:      chequers_ecumenical_altar_simple, grunt_ministairs_7, uniq_terence
D:3:      minmay_misc_feat_doors
D:4:      nicolae_overflow_quartered_altars, first_bread, serial_shops,
          kennysheep_mini_moat, kennysheep_cross_bottleneck
D:5:      bloody_makhleb, serial_shops, nicolae_shop_trees, uniq_sigmund

Skill      XL: |  1  2  3  4  5  6  7  8 |
---------------+-------------------------+-----
Spellcasting   | 2 3 4 5 |  5.2
Summonings     | 5 6 |  6.4
Maces & Flails | 1 2 3 4 |  4.0
Shields        | 1 |  1.5
Dodging        | |  1.5
Stealth        | |  1.5
Hexes          | |  0.4

Action                   |  1- 3 |  4- 6 |  7- 9 || total
-------------------------+-------+-------+-------++-------
Melee: Whip              |    79 |   174 |   181 ||   434
 Cast: Summon Small Mamm |    13 |    64 |    14 ||    91
       Call Imp          |     1 |     1 |     2 ||     4
       Call Canine Famil |       |       |     3 ||     3
  Use: Scroll            |       |     5 |     5 ||    10
       Potion            |       |     1 |     1 ||     2
 Stab: Sleeping          |     1 |     4 |     1 ||     6
  Eat: Chunk             |     1 |     8 |     3 ||    12
       Royal jelly       |       |     1 |       ||     1
       Meat ration       |       |       |     1 ||     1
Armor: Robe              |    26 |    62 |    39 ||   127
Dodge: Dodged            |    66 |   107 |    74 ||   247
Block: Shield            |       |       |    34 ||    34
